Map: Altitude LE

Players

Pangi - Winner!

  • Race: Protoss Protoss
  • Spawn Location: 1:00

CARTOF

  • Race: Terran Terran
  • Spawn Location: 7:00

VOD

Have the link to the VOD?

Description

Time

  • Played on: Feb. 8, 2023, 12:20 p.m.
  • Length: 19:58
Show
View Real Time Build Order
Export as new Build Order

Pangi Protoss - Winner!

Build Orders:  

Get SALT Encoding   

  12  0:25  Probe  
  13  0:36  Pylon  
  13  0:43  Probe  
  14  0:56  Gateway  
  14  1:02  Assimilator  
  14  1:03  Probe  
  15  1:04  Assimilator  
  15  1:15  Forge, Probe  
  16  1:29  Probe  
  17  1:33  Pylon  
  17  1:41  Probe  
  18  1:53  Cybernetics Core  
  18  2:00  Zealot  
  20  2:06  Probe  
  21  2:18  Probe, Nexus  
  22  2:30  Probe  
  23  2:43  Probe  
  24  2:55  Probe  
  25  3:12  Probe  
  25  3:26  Shield Battery  
  25  3:28  Photon Cannon  
  25  3:32  Warp Gate  
  25  3:33  Protoss Ground Weapons Level 1  
  25  3:36  Probe x2  
  27  3:48  Probe x2  
  29  3:58  Assimilator  
  29  4:00  Assimilator, Probe x2  
  31  4:10  Nexus  
  31  4:12  Probe x2  
  33  4:32  Pylon  
  33  4:35  Pylon  
  33  4:38  Pylon  
  33  4:39  Twilight Council  
  33  4:54  Probe (Chrono Boost)  
  33  4:55  Probe (Chrono Boost)  
  35  5:05  Stalker  
  35  5:06  Probe x2 (Chrono Boost)  
  39  5:15  Gateway  
  39  5:16  Gateway  
  39  5:18  Gateway  
  39  5:20  Pylon  
  39  5:23  Probe  
  39  5:24  Probe x2  
  42  5:35  Stalker  
  44  5:44  Probe x3  
  47  5:56  Probe x3  
  50  5:57  Pylon  
  50  5:59  Photon Cannon  
  50  6:01  Photon Cannon  
  50  6:03  Shield Battery  
  50  6:04  Shield Battery  
  50  6:05  Stalker  
  50  6:08  Probe x3  
  55  6:30  Probe x3  
  58  6:40  Dark Shrine  
  58  6:42  Probe x2  
  58  6:43  Probe  
  61  6:47  Assimilator  
  61  6:48  Stalker x4  
  61  6:52  Assimilator  
  69  6:54  Probe  
  69  6:55  Probe x2  
  72  7:02  Pylon x2  
  72  7:06  Probe  
  72  7:07  Probe x2  
  75  7:12  Pylon x2  
  75  7:13  Protoss Ground Weapons Level 2  
  75  7:18  Charge  
  75  7:24  Probe x3  
  78  7:36  Probe x3  
  81  7:44  Nexus  
  81  7:47  Pylon  
  81  7:48  Probe x3  
  81  7:49  Stalker x2  
  81  7:50  Pylon  
  81  7:51  Stalker  
  90  7:54  Stalker  
  92  8:10  Probe x3  
  95  8:22  Photon Cannon x2, Probe x2  
  95  8:23  Probe  
  95  8:25  Photon Cannon  
  98  8:28  Photon Cannon  
  98  8:30  Shield Battery  
  98  8:32  Shield Battery  
  98  8:33  Dark Templar x2  
  102  8:34  Probe  
  102  8:35  Shield Battery, Probe x2  
  102  8:36  Dark Templar  
  102  8:39  Dark Templar  
  102  8:40  Shield Battery  
  94  8:58  Blink  
  77  9:17  Probe x4  
  81  9:29  Probe x4  
  85  9:38  Protoss Ground Armor Level 1  
  77  9:49  Probe x2  
  77  9:50  Probe x2  
  68  10:01  Stalker x4, Probe x2  
  68  10:02  Probe x2  
  80  10:13  Probe  
  81  10:32  Gateway  
  81  10:33  Gateway  
  81  10:40  Gateway  
  77  10:50  Gateway  
  77  10:51  Gateway  
  77  10:55  Gateway  
  77  11:06  Gateway  
  73  11:19  Probe  
  73  11:20  Probe x3  
  77  11:31  Probe  
  77  11:32  Stalker x6, Probe x3  
  93  11:36  Dark Templar  
  95  11:40  Protoss Ground Weapons Level 3  
  95  11:44  Probe x4  
  99  11:48  Stalker x2  
  103  11:58  Sentry x3  
  103  12:01  Probe x4  
  113  12:11  Stalker x6  
  113  12:12  Stalker x2  
  113  12:13  Probe x3  
  132  12:30  Resonating Glaives  
  132  12:35  Shadow Stride  
  132  12:42  Protoss Air Weapons Level 1  
  132  13:02  Stalker x6  
  132  13:03  Stalker x5  
  154  13:07  Robotics Facility  
  154  13:13  Stargate  
  154  13:28  Probe x2  
  154  13:29  Probe x2  
  156  13:54  Nexus  
  146  14:27  Protoss Shields Level 1  
  146  14:34  Stalker x3  
  146  14:35  Stalker x2  
  150  14:48  Pylon  
  150  14:50  Pylon  
  150  14:52  Pylon  
  148  15:07  Assimilator  
  148  15:09  Assimilator  
  130  15:53  Stalker x4  
  130  15:54  Stalker x7  
  152  16:10  Gateway x2  
  152  16:13  Gateway  
  152  16:29  Protoss Ground Armor Level 2  
  142  16:47  Stalker x2  
  142  16:48  Stalker x6  
  142  16:49  Stalker x2  
  142  16:52  Dark Templar  
  164  16:56  Protoss Air Armor Level 1  
  164  17:16  Pylon  
  164  17:17  Pylon  
  164  17:20  Pylon  
  164  17:22  Pylon  
  164  17:25  Pylon  
  164  17:27  Pylon  
  118  18:37  Stalker x4  
  118  18:38  Stalker x5  
  118  18:39  Stalker x2  
  120  19:19  Stalker x3  
  120  19:20  Stalker x3  
  120  19:21  Stalker x3  
  120  19:22  Stalker x2  
  136  19:32  Gateway  
  136  19:33  Gateway  
  136  19:36  Gateway  
  136  19:38  Gateway  
  134  19:40  Gateway  
  134  19:43  Gateway  
  134  19:49  Gateway  
Show
View Real Time Build Order
Export as new Build Order

CARTOF Terran 

Build Orders:  

Get SALT Encoding   

  12  1:14  Supply Depot  
  12  1:17  SCV  
  13  1:29  SCV  
  14  1:37  Barracks  
  14  1:41  SCV  
  15  1:50  Command Center  
  15  1:53  SCV  
  16  1:56  Barracks  
  16  2:05  SCV  
  17  2:17  SCV  
  18  2:26  Supply Depot  
  19  2:35  Marine  
  19  2:39  Refinery  
  19  2:40  Refinery, SCV  
  20  2:48  Marine  
  21  2:52  SCV  
  21  2:56  Marine  
  23  3:02  Supply Depot  
  23  3:13  Marine  
  24  3:21  SCV  
  26  3:28  Orbital Command  
  26  3:33  Refinery, SCV  
  26  3:39  Barracks Tech Lab  
  26  3:42  Barracks, Barracks Tech Lab  
  26  3:45  SCV  
  27  3:50  Bunker  
  27  3:54  SCV  
  28  3:57  SCV  
  29  4:06  SCV  
  29  4:08  Combat Shield  
  29  4:09  Stimpack, SCV  
  31  4:14  Marine x2  
  33  4:23  SCV  
  35  4:29  Orbital Command  
  34  4:32  Marine  
  34  4:33  Marine  
  34  4:36  SCV  
  37  4:46  Factory  
  37  4:48  Marauder  
  37  4:50  Marauder  
  41  4:54  SCV x2  
  43  5:06  SCV  
  44  5:15  Marine x3  
  44  5:20  SCV x2  
  49  5:29  Factory Reactor  
  49  5:32  Starport, SCV  
  49  5:33  Marine, SCV  
  52  5:35  Marine  
  52  5:36  Marine  
  54  5:45  Refinery  
  53  5:50  Marine  
  54  6:14  Supply Depot  
  54  6:25  Supply Depot  
  54  6:27  Starport Reactor  
  54  6:32  Command Center  
  54  6:33  Starport  
  54  6:36  Marauder x2, Hellion x2  
  54  6:39  Engineering Bay  
  62  6:41  Engineering Bay  
  62  6:46  SCV x2  
  64  6:47  Supply Depot  
  64  6:49  Supply Depot  
  64  6:57  Concussive Shells  
  64  6:59  SCV x2  
  64  7:00  Hellion x2  
  70  7:07  Terran Infantry Weapons Level 1  
  70  7:08  Medivac x2  
  70  7:13  Supply Depot  
  70  7:14  SCV  
  70  7:15  SCV  
  76  7:29  Starport Reactor  
  76  7:31  SCV x2  
  78  7:41  Supply Depot x2  
  78  7:43  SCV  
  78  7:44  SCV  
  80  7:57  Orbital Command  
  80  7:59  SCV x2  
  82  8:11  Barracks Reactor, SCV x2  
  84  8:13  Marine x2  
  84  8:17  Liberator x2  
  96  8:20  Widow Mine x2  
  96  8:31  Marauder x2  
  100  8:52  Marine x2  
  84  9:19  Marine x2  
  84  9:20  Marauder x2  
  88  9:24  SCV x2  
  88  9:25  SCV  
  91  9:37  Marine  
  92  9:41  Marauder x2  
  92  9:44  Sensor Tower  
  93  9:57  Missile Turret  
  93  10:01  SCV  
  93  10:02  SCV x2  
  93  10:03  Marauder  
  96  10:14  SCV  
  96  10:15  Marine  
  96  10:16  Marine x2  
  96  10:19  Medivac x4, Command Center  
  107  10:23  Terran Infantry Armor Level 1, Marine  
  103  10:29  Armory  
  103  10:34  Marauder  
  91  10:42  Marauder  
  93  10:49  Medivac x4  
  87  11:18  Missile Turret  
  87  11:19  Missile Turret  
  87  11:26  Marine x4  
  88  11:44  Marine x3  
  88  11:45  Marauder  
  93  11:47  Terran Vehicle And Ship Armor Level 1  
  93  11:51  Armory  
  93  11:52  Fusion Core  
  93  11:55  Factory  
  93  11:58  SCV x3  
  96  12:03  Marauder  
  96  12:06  Marauder  
  100  12:10  Planetary Fortress, SCV  
  100  12:14  SCV x2  
  103  12:22  SCV  
  104  12:26  SCV  
  104  12:27  Marine  
  104  12:28  Marine  
  104  12:29  Marauder x2  
  111  12:43  Terran Ship Weapons Level 1  
  111  12:45  Marine  
  111  12:50  Marauder x2  
  116  12:56  Factory Tech Lab  
  116  12:58  Starport  
  116  13:06  Starport  
  116  13:12  Medivac  
  116  13:13  Medivac x2  
  122  13:22  Refinery  
  122  13:25  Refinery  
  122  13:30  SCV x4  
  126  13:35  Refinery x2  
  76  14:33  Marine x2  
  76  14:34  Marine x2  
  76  14:35  Starport Tech Lab  
  76  14:37  Terran Vehicle Weapons Level 1  
  76  14:38  Starport Tech Lab  
  71  14:51  Siege Tank  
  71  14:52  Marauder x2  
  72  14:58  Liberator x2  
  72  14:59  Liberator  
  81  15:00  Liberator  
  81  15:02  Widow Mine x2  
  81  15:04  Marine x2  
  86  15:13  Marauder, Marine  
  88  15:20  Battlecruiser  
  94  15:23  Siege Tank  
  97  15:31  Marauder  
  88  15:49  Hyperflight Rotors, Marine  
  88  15:50  Marine x2  
  88  15:52  Marine  
  82  16:08  Cloaking Field  
  82  16:13  Battlecruiser  
  82  16:33  Supply Depot  
  82  16:35  Supply Depot  
  82  16:36  Supply Depot  
  74  16:54  Terran Vehicle And Ship Armor Level 2  
  74  17:18  Command Center  
  74  17:21  Marine x4  
  74  17:22  Siege Tank, Widow Mine x2  
  85  17:28  SCV  
  86  17:32  Command Center  
  86  17:54  SCV  
  86  18:14  SCV x2  
  86  18:19  Marauder  
  85  18:20  Marauder, Widow Mine  
  48  18:58  Widow Mine  
  48  18:59  Widow Mine  
  44  19:14  Marine x4  
  36  19:28  SCV  
  34  19:31  Marine  
  34  19:32  Marine x3  
Tags
 
Matchup
PvT
Spawn Locations
Cross Positions
Add a new tag
Caveats
  • Supply blocks, unpowered buildings, or Contaminate may cause inaccurate times.
  • Supply counts are checked every 10 seconds.